 Dungeon Crawl Stone Soup version 0.27-a0-1434-g6f15984924 (webtiles) character file.

Game seed: 4224917001431782145

5431 flotson the Fighter (level 10, -3/88 HPs)
             Began as a Green Draconian Delver on July 3, 2021.
             Was an Initiate of Gozag.
             Slain by a two-headed ogre (19 damage)
             ... on level 9 of the Dungeon.
             The game lasted 00:16:38 (8537 turns).

flotson the Fighter (Green Draconian Delver)        Turns: 8537, Time: 00:16:39

Health: -3/88      AC: 13    Str: 19    XL:     10   Next: 40%
Magic:  3/3        EV: 14    Int:  8    God:    Gozag
Gold:   474        SH:  4    Dex: 12    Spells: 9/9 levels left

rFire    + . .     SeeInvis .   b - +5 whip "Atehas" {antimagic, rElec rF+ rN+ Int-2}
rCold    . . .     Faith    .   D - +0 buckler
rNeg     + . .     Spirit   .   (armour unavailable)
rPois    +         Reflect  .   (helmet restricted)
rElec    +         Harm     .   v - +0 cloak
rCorr    .         Rampage  .   u - +0 pair of gloves
Will     .....                  (no boots)
Stlth    +++.......             I - amulet of the acrobat
HPRegen  0.24/turn              C - +4 ring of protection
MPRegen  0.08/turn              (no ring)

@: no status effects
A: breathe noxious fumes, AC +7, unfitting armour, poison resistance,
cold-blooded
a: Breathe Noxious Fumes, Renounce Religion, Potion Petition, Call Merchant,
Bribe Branch


You were on level 9 of the Dungeon.
You worshipped Gozag.
Gozag was aware of your devotion.
You visited 2 branches of the dungeon, and saw 10 of its levels.

You collected 629 gold pieces.
You spent 49 gold pieces at shops.
You paid 106 gold pieces to Gozag.

Inventory:

Hand Weapons
 a - a +0 hand axe
 b - the +5 whip "Atehas" (weapon) {antimagic, rElec rF+ rN+ Int-2}
   (You found it on level 4 of the Dungeon)

   It reduces the magical energy of the wielder, and disrupts the spells and
   magical abilities of those hit.
   Natural abilities and divine invocations are not affected.
   Int:       It affects your intelligence (-2).
   rF:        It protects you from fire.
   rElec:     It insulates you from electricity.
   rN:        It protects you from negative energy.
Missiles
 y - 27 poisoned darts (quivered)
 L - 2 throwing nets
 O - 2 boomerangs
Armour
 u - a +0 pair of gloves (worn)
 v - a +0 cloak (worn)
 D - a +0 buckler (worn)
Jewellery
 w - an amulet of regeneration
 C - a +4 ring of protection (left hand)
 G - a ring of fire
 I - an amulet of the acrobat (around neck)
Wands
 f - a wand of digging (3)
 h - a wand of flame (58)
 i - a wand of mindburst (14)
 H - a wand of polymorph (12)
Scrolls
 c - a scroll of magic mapping
 d - 3 scrolls of fear
 j - 3 scrolls of teleportation
 l - 3 scrolls of enchant armour {unknown}
 m - 2 scrolls of fog
 n - 2 scrolls of amnesia {unknown}
 p - 2 scrolls of immolation {unknown}
 q - a scroll of summoning {unknown}
 t - a scroll of blinking {unknown}
 z - a scroll of enchant weapon {unknown}
 B - a scroll of holy word {unknown}
 E - a scroll of silence {unknown}
 N - a scroll of noise {unknown}
Potions
 e - 2 potions of haste
 g - 2 potions of brilliance
 k - a potion of attraction
 r - a potion of invisibility
 s - 2 potions of mutation
 x - a potion of heal wounds
 A - 2 potions of flight
 F - a potion of curing {unknown}
 J - a potion of lignification {unknown}
 K - a potion of might {unknown}
 M - a potion of cancellation {unknown}


   Skills:
 + Level 8.2 Fighting
 + Level 7.1 Axes
 + Level 5.6 Throwing
 + Level 6.5 Dodging
 - Level 4.5 Stealth
 + Level 3.6 Shields
 + Level 6.7 Evocations


You had 9 spell levels left.
You didn't know any spells.
Your spell library contained the following spells:

 Spells                   Type           Power      Damage    Failure   Level
 Animate Skeleton         Necr           0%         N/A       41%         1
 Apportation              Tloc           0%         N/A       41%         1
 Beastly Appendage        Tmut           0%         N/A       41%         1
 Corona                   Hex            0%         N/A       41%         1
 Summon Small Mammal      Summ           0%         N/A       41%         1
 Blink                    Tloc           N/A        N/A       56%         2
 Passwall                 Tmut/Erth      0%         N/A       56%         2
 Slow                     Hex            0%         N/A       56%         2
 Sublimation of Blood     Necr           0%         N/A       56%         2
 Wereblood                Tmut           0%         N/A       56%         2
 Confusing Touch          Hex            0%         N/A       80%         3
 Dazzling Flash           Conj/Hex       0%         N/A       80%         3
 Gell's Gravitas          Tloc           0%         N/A       80%         3
 Lesser Beckoning         Tloc           0%         N/A       80%         3
 Portal Projectile        Hex/Tloc       0%         N/A       80%         3
 Spider Form              Tmut/Pois      0%         N/A       80%         3
 Swiftness                Air            0%         N/A       80%         3
 Teleport Other           Tloc           0%         N/A       80%         3
 Hailstorm                Conj/Ice       0%         3d3       99%         4
 Ice Form                 Ice/Tmut       0%         N/A       99%         4
 Iskenderun's Mystic Bla  Conj/Tloc      0%         2d3       99%         4
 Petrify                  Tmut/Erth      0%         N/A       99%         4
 Blade Hands              Tmut           0%         N/A       100%        5
 Excruciating Wounds      Necr           0%         N/A       100%        5
 Irradiate                Conj/Tmut      0%         3d13      100%        5
 Manifold Assault         Tloc           0%         N/A       100%        5
 Yara's Violent Unravell  Hex/Tmut       0%         3d3       100%        5
 Dispersal                Tloc           0%         N/A       100%        6
 Invisibility             Hex            0%         N/A       100%        6
 Simulacrum               Ice/Necr       0%         N/A       100%        6
 Starburst                Conj/Fire      0%         8x6d3     100%        6
 Malign Gateway           Summ/Tloc      0%         N/A       100%        7
 Borgnjor's Revivificati  Necr           0%         N/A       100%        8
 Necromutation            Tmut/Necr      0%         N/A       100%        8
 Summon Horrible Things   Summ           0%         N/A       100%        8
 Death's Door             Necr           0%         N/A       100%        9


Dungeon Overview and Level Annotations

Branches:
Dungeon (9/15)             Temple (1/1) D:4
   Lair: D:8-11         Orc: D:9-12

Altars:
Ashenzari
Cheibriados
Dithmenos
Elyvilon
Fedhas
Gozag
Kikubaaqudgha
Makhleb
Nemelex Xobeh
Okawaru
Qazlal
Ru
Sif Muna
Trog
Vehumet
Wu Jian
Xom
Zin
The Shining One

Shops:
D:5 ([*:   D:7 (


Innate Abilities, Weirdness & Mutations

You can breathe blasts of noxious fumes.
Your lurid green scales are hard. (AC +7)
You cannot fit into any form of body armour.
Your system is resistant to poisons. (rPois)
You are cold-blooded and may be slowed by cold attacks.


Message History

The centaur zombie is heavily damaged.
The centaur zombie hits you but does no damage.
The centaur zombie kicks you but does no damage.
You hit the centaur zombie.
Your tail-slap misses the centaur zombie.
The centaur zombie is heavily damaged.
The centaur zombie hits you but does no damage.
The centaur zombie barely misses you.
You hit the two-headed ogre. You tail-slap the two-headed ogre.
The two-headed ogre is moderately wounded.
The two-headed ogre is no longer moving slowly.
You whack the two-headed ogre!
You tail-slap the two-headed ogre, but do no damage.
The two-headed ogre is moderately wounded.
You barely miss the two-headed ogre.
You tail-slap the two-headed ogre, but do no damage.
The two-headed ogre is moderately wounded.
The two-headed ogre hits you with a +0 giant club!
The two-headed ogre hits you with a +0 giant spiked club!
You barely miss the two-headed ogre. You tail-slap the two-headed ogre.
The two-headed ogre is moderately wounded.
The two-headed ogre completely misses you.
The two-headed ogre barely misses you.
You whack the two-headed ogre!
The two-headed ogre is heavily wounded.
You hit the two-headed ogre.
The two-headed ogre is heavily wounded.
The two-headed ogre misses you.
The two-headed ogre hits you with a +0 giant spiked club!
You hit the two-headed ogre.
The two-headed ogre is severely wounded.
The two-headed ogre hits you with a +0 giant club!!
The two-headed ogre completely misses you.
You whack the two-headed ogre!
The two-headed ogre is almost dead.
The two-headed ogre hits you with a +0 giant club!
* * * LOW HITPOINT WARNING * * *
The two-headed ogre hits you with a +0 giant spiked club!!
You die...
Your body crumbles into a pile of gold.

♣..#.##.#
#.....>.....##
.♣♣.#.##.######
#########.#..O
♣.♣♣......)...######
#...## ♣.♣♣.##..#
#......# #####
♣.......# #......
♣.♣♣.....###...##
♣........(..Z# #
♣.............#O#.#
♣.♣......###...#@#.#
♣.......# #.......#
♣.............#.###
##.......#######.###
##.......# #.......#
# .... #.###.#.# #
#.###.#.# #########
#.##....# #..[....#
#.##..#.#


You could see a two-headed ogre (poisoned) and a centaur zombie.

Vanquished Creatures
  Harold (D:8)
  Pikel (D:6)
  Joseph (D:8)
  A hornet (D:7)
  Grinder (D:6)
  Sigmund (D:2)
  Duvessa (D:4)
  4 water moccasins
  An orc warrior (D:4)
  3 ice beasts
  3 sky beasts
  A necrophage (D:5)
  2 centaurs
  2 phantoms
  3 bullfrogs
  3 scorpions
  Dowan (D:4)
  3 killer bees (D:8)
  A howler monkey (D:6)
  10 wights
  A bullfrog zombie (D:6)
  4 centaur zombies
  2 orc priests (D:8)
  A centaur skeleton (D:6)
  A hound (D:4)
  Crazy Yiuf (D:2)
  2 bullfrog skeletons (D:5)
  Ijyb (D:3)
  3 iguanas
  4 orc wizards
  A hound zombie (D:5)
  7 gnolls
  A howler monkey skeleton (D:5)
  11 adders
  2 ufetubi
  12 orcs
  4 bats
  9 endoplasms
  3 giant cockroaches
  5 goblins
  6 hobgoblins
  11 jackals
  A kobold (D:2)
  6 quokkas
  4 ball pythons
  2 frilled lizards
  5 rats
154 creatures vanquished.

Vanquished Creatures (others)
  6 fungi (D:9)
  5 plants (D:9)
11 creatures vanquished.

Grand Total: 165 creatures vanquished

Notes
Turn   | Place    | Note
-------+----------+-------------------------------------------
     0 | D:5      | flotson the Draconian Delver began the quest for the Orb.
     0 | D:5      | Reached XP level 1. HP: 19/19 MP: 1/1
    94 | D:5      | Found Appeureh's Book Emporium.
    99 | D:5      | Found Hoalusk's Antique Armour Emporium.
    99 | D:5      | Found Siany's General Store.
   100 | D:5      | Found Ocetejao's Antique Weapon Emporium.
   183 | D:4      | Noticed a phantom
   220 | D:4      | Found a staircase to the Ecumenical Temple.
   229 | Temple   | Entered the Ecumenical Temple
   404 | D:4      | Identified the +5 whip "Atehas" {antimagic, rElec rF+ rN+
                  | Int-2}
   498 | D:4      | Reached XP level 2. HP: 17/26 MP: 0/2
   658 | D:3      | Noticed Ijyb
   668 | D:3      | Killed Ijyb
   669 | D:3      | Reached skill level 1 in Evocations
   669 | D:3      | Reached XP level 3. HP: 18/33 MP: 1/3
  1071 | D:2      | Reached XP level 4. HP: 40/40 MP: 1/4
  1095 | D:3      | Reached skill level 4 in Fighting
  1426 | D:2      | Reached XP level 5. HP: 32/46 MP: 1/5
  1924 | D:1      | Found a faded altar of an unknown god.
  2188 | D:2      | Noticed Sigmund
  2204 | D:2      | Killed Sigmund
  2205 | D:2      | Reached skill level 1 in Throwing
  2205 | D:2      | Reached XP level 6. HP: 50/53 MP: 2/6
  2586 | D:2      | Found a runed translucent door.
  2587 | D:2      | Noticed Crazy Yiuf
  2596 | D:2      | Killed Crazy Yiuf
  3234 | D:3      | Noticed a sky beast
  3251 | D:3      | Killed a sky beast
  3252 | D:3      | Reached skill level 5 in Fighting
  3252 | D:3      | Your scales start taking on a lurid green colour.
  3252 | D:3      | Reached XP level 7. HP: 61/61 MP: 2/7
  3252 | D:3      | Gained mutation: Your system is resistant to poisons.
                  | (rPois) [Green Draconian growth]
  3652 | D:4      | Identified the +6 ring mail of Nagoy {*Corrode rC- Will+++
                  | Int+9}
  3996 | D:4      | Noticed Duvessa
  3998 | D:4      | Noticed Dowan
  4017 | D:4      | Killed Dowan
  4030 | D:4      | Killed Duvessa
  4221 | D:5      | Reached XP level 8. HP: 70/70 MP: 2/8
  4237 | D:5      | Reached skill level 5 in Axes
  4296 | D:4      | Reached skill level 6 in Fighting
  4932 | D:6      | Reached skill level 5 in Dodging
  4932 | D:6      | Reached skill level 5 in Evocations
  5039 | D:6      | Noticed Pikel
  5065 | D:6      | Killed Pikel
  5066 | D:6      | Reached XP level 9. HP: 64/78 MP: 3/9
  5184 | D:5      | Bought a +0 buckler for 49 gold pieces
  5388 | D:6      | Noticed Grinder
  5400 | D:6      | Killed Grinder
  5401 | D:6      | Reached skill level 7 in Fighting
  5401 | D:6      | Reached skill level 1 in Shields
  5715 | D:7      | Found a radiant altar of Vehumet.
  5716 | D:7      | Found an opulent altar of Gozag.
  5718 | D:7      | Found a stormy altar of Qazlal.
  5718 | D:7      | Found a broken altar of Ashenzari.
  5720 | D:7      | Found a snail-covered altar of Cheibriados.
  5720 | D:7      | Found a shimmering altar of Xom.
  5783 | D:7      | Found a burning altar of Makhleb.
  5786 | D:7      | Became a worshipper of Gozag Ym Sagoz the Greedy
  5893 | D:7      | Found Lairph's Weapon Boutique.
  6181 | D:8      | Reached skill level 5 in Throwing
  6482 | D:8      | Noticed Joseph
  6517 | D:8      | Killed Joseph
  6518 | D:8      | Reached XP level 10. HP: 39/88 MP: 3/10
  7481 | D:8      | Noticed Harold
  7502 | D:8      | Killed Harold
  7503 | D:8      | Reached skill level 8 in Fighting
  7785 | D:9      | Noticed a two-headed ogre
  8125 | D:9      | Noticed a two-headed ogre
  8125 | D:9      | Noticed a two-headed ogre
  8125 | D:9      | Noticed a manticore
  8537 | D:9      | Slain by a two-headed ogre

Illustrated notes

Levels and vault maps discovered:
D:1:      dpeg_arrival_pits, layout_basic, ebering_ecumenical_altar_abandoned
D:2:      layout_loops_cross, moated_statue, uniq_sigmund,
          uniq_crazy_yiuf_cottage
D:3:      layout_loops_cross, uniq_ijyb
D:4:      layout_loops_ring, minmay_temple_entry_junction, uniq_duvessa
D:5:      layout_basic, chequers_garden, minmay_shop_grid_forest,
          kennysheep_cross_room, minivault_14, minmay_starry_boxes
D:6:      layout_loops_ring, minmay_misc_feat_tiny, minmay_parallelograms,
          uniq_pikel, uniq_grinder
D:7:      layout_rooms, grunt_temple_overflow_open, serial_shops, shop
D:8:      layout_basic, uniq_harold, uniq_joseph
D:9:      layout_loops_cross, nicolae_yredelemnul_corpse_copse,
          dpeg_oklobed_lair, minmay_st_funbox
Temple:   nicolae_temple_no_exploring_needed

Skill      XL: |  1  2  3  4  5  6  7  8  9 10 |
---------------+-------------------------------+-----
Dodging        | 2 3 4 5 6 |  6.5
Evocations     | 1 2 3 4 5 6 |  6.7
Fighting       | 4 5 6 7 8 |  8.2
Axes           | 3 4 5 6 7 |  7.1
Throwing       | 1 2 4 5 |  5.6
Shields        | 2 3 |  3.6
Stealth        | |  4.5

Action                   |  1- 3 |  4- 6 |  7- 9 | 10-12 || total
-------------------------+-------+-------+-------+-------++-------
Melee: Hand axe          |    12 |       |       |       ||    12
       Whip              |    29 |   159 |   417 |   175 ||   780
       Tailslap          |     4 |    14 |    54 |    30 ||   102
Throw: Dart              |     2 |     3 |     2 |     9 ||    16
 Abil: Breathe Noxious F |       |       |     9 |     5 ||    14
  Use: Scroll            |       |       |     6 |     3 ||     9
 Stab: Sleeping          |     3 |    14 |     8 |     1 ||    26
       Confused          |       |       |     2 |     1 ||     3
       Distracted        |       |       |     1 |       ||     1
Armor: Skin              |     7 |    62 |   133 |    48 ||   250
Dodge: Dodged            |    35 |   103 |   270 |    86 ||   494
Block: Buckler           |       |       |    28 |    22 ||    50

Table legend: (Time is in decaauts)
 A = Elapsed time spent in this place.
 B = Non-inter-level travel time spent in this place.
 C = Inter-level travel time spent in this place.
 D = Time resting spent in this place.
 E = Time spent auto-exploring this place.
 F = Levels seen in this place.
 G = Mean time per level.
                   A        B        C        D        E       F      G
               +--------+--------+--------+--------+--------+-----+--------+
         Total |   8527 |   8180 |    347 |    893 |   5593 |  10 |  852.7 |
       Dungeon |   8355 |   8009 |    346 |    737 |   5593 |   9 |  928.3 |
        Temple |    172 |    171 |      1 |    156 |      0 |   1 |  172.0 |
               +--------+--------+--------+--------+--------+-----+--------+

Top non-repeatable levels by time:
     D:8: 1807 daAuts
     D:2: 1233 daAuts
     D:3: 1166 daAuts
     D:4: 906 daAuts
     D:5: 888 daAuts
     D:6: 733 daAuts
     D:1: 609 daAuts
     D:9: 549 daAuts
     D:7: 459 daAuts
  Temple: 172 daAuts
